[Event "ICCopen2017"]
[Site "Internet Chess Club"]
[Date "2017.03.25"]
[Round "2"]
[White "Piranha"]
[Black "Nos"]
[Result "0-1"]
[ICCResult "White resigns"]
[WhiteElo "1669"]
[BlackElo "2153"]
[Opening "French: Winawer (Nimzovich) variation"]
[ECO "C15"]
[NIC "FR.08"]
[Time "14:17:27"]
[TimeControl "180+0"]

1. e4 e6 2. d4 d5 3. Nc3 Bb4 4. exd5 exd5 5. Qf3 c6 6. Bd3 h6 7. Ne2 Nf6 8.
h3 Be6 9. g4 Nbd7 10. Bf4 Qb6 11. O-O Be7 12. Rab1 Nh7 13. Qe3 h5 14. g5 Qd8
15. h4 Nhf8 16. Ng3 g6 17. Rbe1 Bh3 18. Bd6 Ne6 19. Be5 Nxe5 20. Qxe5 O-O
21. Re3 Bd6 22. Qf6 Qxf6 23. gxf6 Bxf1 24. Kxf1 Rfe8 25. Nge2 Nf4 26. Nxf4
Bxf4 27. Rxe8+ Rxe8 28. Ne2 Bc7 29. f3 Bd8 30. Kg2 Bxf6 31. Kg3 Bd8 32. c3
Bc7+ 33. Kg2 Re3 34. Kf2 Rxd3 {White resigns} 0-1

[Event "ICCopen2017"]
[Site "Internet Chess Club"]
[Date "2017.03.25"]
[Round "2"]
[White "happychess"]
[Black "bookseller"]
[Result "1-0"]
[ICCResult "Black checkmated"]
[WhiteElo "1718"]
[BlackElo "1370"]
[Opening "QGD Slav: Slav gambit"]
[ECO "D15"]
[NIC "SL.03"]
[Time "14:17:07"]
[TimeControl "180+0"]

1. d4 d5 2. c4 c6 3. Nf3 Nf6 4. Nc3 dxc4 5. e4 b5 6. Be2 e6 7. O-O Be7 8. b3
cxb3 9. Qxb3 O-O 10. Rd1 Qb6 11. Be3 c5 12. d5 exd5 13. Nxd5 Nxd5 14. exd5
a6 15. Rac1 Nd7 16. d6 Bxd6 17. Qd5 Be7 18. Qxa8 Bb7 19. Qxf8+ Nxf8 20. Ne5
f6 21. Nd3 Qc6 22. Bf3 Qc7 23. Bxb7 Qxb7 24. Nxc5 Qb8 25. Nxa6 Qa8 26. Nc7
Qxa2 27. Nxb5 Kf7 28. Nc3 Qe6 29. Nd5 Ng6 30. Nxe7 Nxe7 31. Rc7 Kg6 32. h3
Nd5 33. Rc4 Nxe3 34. fxe3 Qxe3+ 35. Kh1 Qe2 36. Rcd4 Qe3 37. R4d3 h6 38.
Rxe3 Kf5 39. Rf3+ Kg6 40. Rdf1 Kf7 41. g4 Kg8 42. h4 Kh7 43. h5 Kg8 44. Re3
Kf8 45. Rd1 Kf7 46. Rd7+ Kf8 47. Ree7 Kg8 48. Rxg7+ Kf8 49. Rh7 Ke8 50. Rb7
Kd8 51. Rh8# {Black checkmated} 1-0

[Event "ICCopen2017"]
[Site "Internet Chess Club"]
[Date "2017.03.25"]
[Round "2"]
[White "EGK"]
[Black "trucker"]
[Result "1-0"]
[ICCResult "Black forfeits on time"]
[WhiteElo "1929"]
[BlackElo "1502"]
[Opening "King's Indian: Torre attack"]
[ECO "A48"]
[NIC "QP.01"]
[Time "14:16:41"]
[TimeControl "180+0"]

1. d4 Nf6 2. Nf3 g6 3. Bg5 Bg7 4. e3 O-O 5. Bd3 c5 6. O-O d6 7. Nbd2 Nc6 8.
c3 e5 9. dxe5 dxe5 10. Qc2 Be6 11. Rad1 Qe7 12. h3 h6 13. Bh4 g5 14. Bg3 Nh5
15. Bh2 f5 16. Bc4 Rad8 17. Qb3 Bxc4 18. Nxc4 Kh8 19. Rxd8 Rxd8 20. Rd1
Rxd1+ 21. Qxd1 b5 22. Nfxe5 Nxe5 23. Nxe5 Bxe5 24. Bxe5+ Qxe5 25. Qxh5 Kg7
26. Qe2 a6 27. a4 c4 28. Qd2 Kf6 29. Qd4 Qxd4 30. exd4 Ke6 31. axb5 axb5 32.
Kf1 Kd5 33. Ke2 Ke4 34. g3 {Black forfeits on time} 1-0

[Event "ICCopen2017"]
[Site "Internet Chess Club"]
[Date "2017.03.25"]
[Round "2"]
[White "Red-white"]
[Black "HouseMorgan"]
[Result "1-0"]
[ICCResult "Black forfeits on time"]
[WhiteElo "3005"]
[BlackElo "2011"]
[Opening "QGD semi-Slav"]
[ECO "D43"]
[NIC "SL.03"]
[Time "14:17:59"]
[TimeControl "180+0"]

1. d4 d5 2. Nf3 c6 3. c4 Nf6 4. Nc3 e6 5. cxd5 exd5 6. Bg5 Be7 7. e3 O-O 8.
Bd3 Nbd7 9. Qc2 h6 10. Bh4 Re8 11. O-O Ne4 12. Bxe7 Qxe7 13. Rab1 Ndf6 14.
Ne5 a5 15. Rfc1 Ng4 16. Nxg4 Bxg4 17. Nxe4 dxe4 18. Bf1 Qg5 19. Qc5 Qg6 20.
Qb6 Re7 21. Rc5 h5 22. d5 Rc8 23. Rbc1 h4 24. dxc6 bxc6 25. Rxc6 Rxc6 26.
Rxc6 Be6 27. Qd8+ Kh7 28. Qxe7 h3 29. g3 Qg4 30. Qh4+ Qxh4 31. gxh4
{Black forfeits on time}
1-0

[Event "ICCopen2017"]
[Site "Internet Chess Club"]
[Date "2017.03.25"]
[Round "2"]
[White "NUANCE"]
[Black "Kolossi"]
[Result "0-1"]
[ICCResult "White checkmated"]
[WhiteElo "952"]
[BlackElo "1592"]
[Opening "Queen's pawn game"]
[ECO "A45"]
[NIC "QP.07"]
[Time "14:17:46"]
[TimeControl "180+0"]

1. d4 Nf6 2. Nc3 e6 3. e3 d5 4. Be2 c5 5. Nf3 Nc6 6. O-O cxd4 7. exd4 Be7 8.
Bb5 O-O 9. Ne5 Bd7 10. Nxd7 Qxd7 11. Be3 a6 12. Bxc6 Qxc6 13. Qe2 Rfc8 14.
a3 b5 15. Na2 Qxc2 16. Nc3 Qg6 17. f3 Rc7 18. Qf2 Rac8 19. Rac1 b4 20. axb4
Bxb4 21. Na4 h6 22. Nb6 Rxc1 23. Bxc1 Rc2 24. Qg3 Qd3 25. Qb8+ Kh7 26. Qf4
Bd2 27. Bxd2 Rxd2 28. Na4 Qe2 29. Qg3 Rxd4 30. Rf2 Rd1+ 31. Rf1 Qxf1#
{White checkmated}
0-1

[Event "ICCopen2017"]
[Site "Internet Chess Club"]
[Date "2017.03.25"]
[Round "2"]
[White "HEM"]
[Black "VrloJakMK"]
[Result "1/2-1/2"]
[ICCResult "Game drawn by repetition"]
[WhiteElo "1497"]
[BlackElo "2053"]
[Opening "Queen's pawn game"]
[ECO "A46"]
[NIC "QP.06"]
[Time "14:17:41"]
[TimeControl "180+0"]

1. d4 Nf6 2. Nf3 c5 3. e3 b6 4. Bd3 Bb7 5. O-O g6 6. c4 cxd4 7. exd4 d5 8.
Nc3 Bg7 9. Bg5 dxc4 10. Bxc4 O-O 11. Ne5 Nc6 12. Nxc6 Bxc6 13. Re1 Rc8 14.
Ba6 Rc7 15. Bf4 Rd7 16. Be5 Qa8 17. f3 Rfd8 18. Qb3 Nd5 19. Bc4 Bxe5 20.
dxe5 e6 21. Ne4 Kg7 22. Nd6 Rxd6 23. exd6 Rxd6 24. Rad1 Qd8 25. Bxd5 Bxd5
26. Qc3+ Kg8 27. b3 Rc6 28. Qe5 Qf8 29. Rd4 Qc5 30. Kh1 a5 31. Rf4 Rc8 32.
Qf6 Rf8 33. Rh4 Qf2 34. Rg1 h5 35. Qg5 Kh7 36. Rxh5+ gxh5 37. Qxh5+ Kg7 38.
Qg5+ Kh8 39. Qh6+ Kg8 40. Qg5+ Kh7 41. Qh5+ Kg7 42. Qg5+ Kh8 43. Qh6+ Kg8
44. Qg5+ Kh8 45. Qh6+ {Game drawn by repetition} 1/2-1/2

[Event "ICCopen2017"]
[Site "Internet Chess Club"]
[Date "2017.03.25"]
[Round "2"]
[White "A4-H5"]
[Black "ASidorov"]
[Result "0-1"]
[ICCResult "White checkmated"]
[WhiteElo "1807"]
[BlackElo "2352"]
[Opening "English opening"]
[ECO "A16"]
[NIC "EO.64"]
[Time "14:17:08"]
[TimeControl "180+0"]

1. c4 Nf6 2. Nc3 g6 3. e4 d6 4. d3 Bg7 5. f4 O-O 6. Nf3 c5 7. Be2 Nc6 8. O-O
Ne8 9. Be3 Nd4 10. Rc1 Nc7 11. Qe1 Nxe2+ 12. Qxe2 Bg4 13. h3 Bxf3 14. Rxf3
Ne6 15. Rcf1 a6 16. Nd5 Nd4 17. Bxd4 Bxd4+ 18. Kh1 e6 19. Nc3 Qd7 20. Qc2 f5
21. Ne2 Bg7 22. exf5 gxf5 23. b3 Kh8 24. g4 b5 25. g5 a5 26. cxb5 Qxb5 27.
Nc3 Qc6 28. Ne2 a4 29. Kh2 axb3 30. axb3 Rfb8 31. d4 Qe4 32. Qxe4 fxe4 33.
Re3 d5 34. dxc5 Ra2 35. Kg3 Rb2 36. Rc1 R8xb3 37. Rxb3 Rxb3+ 38. Kg4 Kg8 39.
h4 Kf7 40. c6 Rb8 41. h5 d4 42. h6 Bh8 43. f5 d3 44. fxe6+ Kxe6 45. Nf4+ Kd6
46. Kf5 d2 47. Rd1 e3 48. Ke4 Re8+ 49. Kd3 Kxc6 50. Ne2 Kd5 51. Nd4 Bxd4 52.
g6 hxg6 53. h7 e2 54. Rb1 d1=Q+ 55. Rxd1 exd1=Q# {White checkmated} 0-1

[Event "ICCopen2017"]
[Site "Internet Chess Club"]
[Date "2017.03.25"]
[Round "2"]
[White "Magagna"]
[Black "Simba"]
[Result "1-0"]
[ICCResult "Black forfeits on time"]
[WhiteElo "1611"]
[BlackElo "1081"]
[Opening "Queen's Pawn"]
[ECO "A41"]
[NIC "QO.17"]
[Time "14:17:22"]
[TimeControl "180+0"]

1. d4 d6 2. Nf3 e6 3. e4 Be7 4. Bf4 Nf6 5. Bd3 O-O 6. c3 c6 7. Nbd2 b5 8.
O-O Ne8 9. Re1 a5 10. Qc2 f6 11. h3 Nd7 12. Nh2 Rf7 13. Bg3 Nf8 14. f4 g6
15. Ndf3 f5 16. Re3 Ng7 17. Rae1 b4 18. cxb4 axb4 19. Qxc6 Bd7 20. Qc4 Rb8
21. Qb3 Qb6 22. Bf2 Qxd4 23. Nxd4 fxe4 24. Bxe4 d5 25. Bxd5 Rxf4 26. Bxe6+
Ngxe6 27. Nxe6 Nxe6 28. Rxe6 Bxe6 29. Qxe6+ Rf7 30. Ng4 Kg7 31. Bd4+ Kf8 32.
Nh6 {Black forfeits on time} 1-0

[Event "ICCopen2017"]
[Site "Internet Chess Club"]
[Date "2017.03.25"]
[Round "2"]
[White "bellotari"]
[Black "motipen"]
[Result "0-1"]
[ICCResult "White resigns"]
[WhiteElo "1473"]
[BlackElo "1799"]
[Opening "Nimzovich-Larsen attack: modern variation"]
[ECO "A01"]
[NIC "VO.08"]
[Time "14:18:12"]
[TimeControl "180+0"]

1. b3 e5 2. Bb2 d6 3. g3 Nf6 4. Bg2 g6 5. h3 Bg7 6. a3 O-O 7. e3 c6 8. d3
Nbd7 9. Nd2 d5 10. Rb1 Re8 11. Ne2 a5 12. Nf1 e4 13. Bxf6 Nxf6 14. d4 Nd7
15. Nd2 f5 16. O-O Nf6 17. Nf4 g5 18. Nh5 Qe7 19. Nxf6+ Qxf6 20. Kh2 f4 21.
gxf4 gxf4 22. Qh5 Be6 23. Rg1 Rf8 24. Rbf1 f3 25. Bh1 Kh8 26. Rg3 Rg8 27.
Rfg1 Bf7 28. Qg5 Qxg5 29. Rxg5 Bf6 30. Rxg8+ Rxg8 31. Rxg8+ Kxg8 32. Bxf3
exf3 33. Nxf3 Bg6 34. c3 Bc2 35. b4 a4 36. Kg3 Kf7 37. Kf4 Ke6 38. Ng5+
Bxg5+ 39. Kxg5 Kf7 40. f4 Kg7 41. h4 h6+ 42. Kg4 Kf6 43. h5 Bd1+ 44. Kg3
Bxh5 45. Kh4 Be2 46. Kg3 Kf5 47. Kf2 Bd1 48. Ke1 Bg4 49. Kf2 Ke4 50. Kg3 Bd1
51. Kf2 h5 {White resigns} 0-1

[Event "ICCopen2017"]
[Site "Internet Chess Club"]
[Date "2017.03.25"]
[Round "2"]
[White "mkayem1"]
[Black "Chamanx"]
[Result "1-0"]
[ICCResult "Black checkmated"]
[WhiteElo "2060"]
[BlackElo "1426"]
[Opening "Ruy Lopez: 5.O-O"]
[ECO "C78"]
[NIC "RL.12"]
[Time "14:18:11"]
[TimeControl "180+0"]

1. e4 e5 2. Nf3 Nc6 3. Bb5 a6 4. Ba4 Nf6 5. O-O b5 6. Bb3 Be7 7. d3 O-O 8.
a4 bxa4 9. Bxa4 Bb7 10. Bxc6 dxc6 11. Nxe5 Bd6 12. f4 Bxe5 13. fxe5 Qd4+ 14.
Kh1 Qxe5 15. Nc3 Bc8 16. Bf4 Qd4 17. Bxc7 Ng4 18. Qe2 f5 19. Ra4 Qa7 20. Bd6
Rf6 21. e5 Rh6 22. h3 Bb7 23. Rxf5 c5 24. Rxg4 g6 25. Kh2 Kh8 26. Rf7 Qb6
27. b3 Qc6 28. Ne4 Qc8 29. Nxc5 Bd5 30. e6 Qc6 31. Qe5+ Kg8 32. Qg7#
{Black checkmated}
1-0

[Event "ICCopen2017"]
[Site "Internet Chess Club"]
[Date "2017.03.25"]
[Round "2"]
[White "PerMag"]
[Black "KnightWalker"]
[Result "1-0"]
[ICCResult "Black forfeits on time"]
[WhiteElo "1696"]
[BlackElo "1356"]
[Opening "Sicilian: Richter-Rauzer, Rauzer attack, 7...Be7"]
[ECO "B63"]
[NIC "SI.27"]
[Time "14:16:57"]
[TimeControl "180+0"]

1. e4 c5 2. Nf3 d6 3. d4 cxd4 4. Nxd4 Nc6 5. Nc3 Nf6 6. Bg5 e6 7. Qd2 Be7 8.
O-O-O a6 9. Kb1 O-O 10. h3 Bd7 11. g4 Ne8 12. Be3 b5 13. a3 Rc8 14. f4 Qc7
15. Qf2 b4 16. axb4 Nxb4 17. Nb3 Rb8 18. Rh2 Bb5 19. Bxb5 axb5 20. Qd2 d5
21. exd5 Nxd5 22. Nxd5 exd5 23. Qxd5 Bf6 24. Rhd2 Qb7 25. Qxb7 Rxb7 26. g5
Be7 27. Rd7 Rxd7 28. Rxd7 Bd6 29. f5 Bg3 30. Bd4 Nd6 31. f6 Ne4 32. fxg7 Re8
33. Rd5 Bf2 34. Bxf2 Nxf2 35. Rxb5 Kxg7 36. Rb7 Nxh3 37. Nd4 Nxg5 38. Nf5+
Kg6 39. Nd6 Rf8 40. c4 h5 41. Re7 Ne6 42. Rb7 h4 43. Rb3 Rh8 44. Rh3 Ng5 45.
Rh2 h3 46. c5 Nf3 47. Rh1 h2 48. Ne4 Rh3 49. c6 Ne5 50. c7 Rh8 51. c8=Q Rxc8
52. Rxh2 f5 53. Rg2+ Kf7 54. Nc3 Ke6 55. Rf2 Rf8 56. Re2 Kf6 57. Rd2 Kg5 58.
Rg2+ Ng4 59. Nd5 f4 60. Ne7 f3 61. Rg1 f2 62. Rf1 {Black forfeits on time}
1-0

[Event "ICCopen2017"]
[Site "Internet Chess Club"]
[Date "2017.03.25"]
[Round "2"]
[White "chigato"]
[Black "Huty"]
[Result "1-0"]
[ICCResult "Black forfeits on time"]
[WhiteElo "1714"]
[BlackElo "1368"]
[Opening "Gedult's opening"]
[ECO "A00"]
[Time "14:17:30"]
[TimeControl "180+0"]

1. f3 d5 2. e4 dxe4 3. fxe4 e5 4. Nf3 Nc6 5. Bb5 Bd6 6. c3 a6 7. Ba4 b5 8.
Bc2 Nf6 9. d3 Bg4 10. O-O O-O 11. Bg5 h6 12. Bh4 g5 13. Bg3 Nh5 14. Qe1 Nxg3
15. Qxg3 Bh5 16. Nbd2 Qf6 17. h3 Kh8 18. Nh2 Qg7 19. Ng4 f5 20. exf5 e4 21.
Qe1 Bxg4 22. hxg4 Qe5 23. Nxe4 Qh2+ 24. Kf2 Rae8 25. Qd2 Ne5 26. Bd1 Qh4+
27. Kg1 Nxg4 28. Bxg4 Qxg4 29. Rae1 Bf4 30. Qe2 Qh4 31. g3 Bxg3 32. Qg2 Bf4
33. Re2 Rxf5 34. Qh1 Ref8 35. Qxh4 gxh4 36. Rg2 Bg5 37. Re1 Rf3 38. Nxg5
hxg5 39. Ree2 Rf1+ 40. Kh2 {Black forfeits on time} 1-0

[Event "ICCopen2017"]
[Site "Internet Chess Club"]
[Date "2017.03.25"]
[Round "2"]
[White "shirovinster"]
[Black "AnthonyRaelund"]
[Result "1-0"]
[ICCResult "Black forfeits on time"]
[WhiteElo "1817"]
[BlackElo "1437"]
[Opening "English: symmetrical, main line with d4"]
[ECO "A39"]
[NIC "EO.26"]
[Time "14:17:46"]
[TimeControl "180+0"]

1. c4 c5 2. Nc3 Nf6 3. g3 Nc6 4. Bg2 g6 5. Nf3 Bg7 6. O-O O-O 7. d4 cxd4 8.
Nxd4 e5 9. Ndb5 a6 10. Nd6 Ne8 11. Be3 Nxd6 12. Qxd6 Qe7 13. Rfd1 Qxd6 14.
Rxd6 Nd4 15. Bxd4 exd4 16. Nd5 Be5 17. Rb6 Rd8 18. f4 Bg7 19. Rd1 d6 20. Nc7
Rb8 21. Nxa6 Ra8 22. Nb4 Bg4 23. Kf2 Ra4 24. a3 Rb8 25. Rxb7 Rxb7 26. Bxb7
Bf8 27. Bd5 Bg7 28. Nd3 {Black forfeits on time} 1-0

[Event "ICCopen2017"]
[Site "Internet Chess Club"]
[Date "2017.03.25"]
[Round "2"]
[White "halski"]
[Black "magnuswizard"]
[Result "1-0"]
[ICCResult "Black forfeits on time"]
[WhiteElo "2407"]
[BlackElo "1814"]
[Opening "Nimzovich-Larsen attack: Indian variation"]
[ECO "A01"]
[NIC "VO.08"]
[Time "14:16:20"]
[TimeControl "180+0"]

1. b3 Nf6 2. Bb2 g6 3. g3 Bg7 4. Bg2 d6 5. Nf3 O-O 6. d4 c5 7. O-O Nbd7 8.
c4 Rb8 9. Nc3 a6 10. e4 cxd4 11. Nxd4 Nc5 12. Qd2 Ne6 13. Rfe1 Nxd4 14. Qxd4
Be6 15. Qd2 Qa5 16. Rad1 Qh5 17. Nd5 Bxd5 18. cxd5 Rbc8 19. h3 Qh6 20. Qxh6
Bxh6 21. f4 Nd7 22. Rc1 Bg7 23. Bxg7 Kxg7 24. h4 Nc5 25. Bh3 Rcd8 26. Re3 a5
27. a3 f6 28. b4 axb4 29. axb4 Na6 30. Rc4 Kf7 31. Rec3 h6 32. Be6+ Kg7 33.
Rb3 f5 34. e5 dxe5 35. fxe5 g5 36. b5 Nb8 37. Rc7 Rde8 38. Rxb7 Kh8 39. hxg5
hxg5 40. Kg2 Kg7 41. Rc3 f4 42. Rcc7 Kg6 43. Rxe7 Rxe7 44. Rxe7 f3+ 45. Kf2
Rh8 46. Bg4 Rf8 47. Re6+ Kg7 48. d6 Nd7 49. Re7+ Rf7 50. e6 Rxe7 51. dxe7
Nf6 52. Bxf3 g4 53. b6 gxf3 54. b7 Ne4+ 55. Kxf3 Nd6 56. b8=Q Nf5 57. Qf8+
Kg6 58. Qxf5+ Kxf5 59. e8=Q {Black forfeits on time} 1-0

[Event "ICCopen2017"]
[Site "Internet Chess Club"]
[Date "2017.03.25"]
[Round "2"]
[White "alexander77"]
[Black "DroolingBaby"]
[Result "0-1"]
[ICCResult "White checkmated"]
[WhiteElo "1776"]
[BlackElo "2222"]
[Opening "KP: Nimzovich defense"]
[ECO "B00"]
[NIC "VO.04"]
[Time "14:17:28"]
[TimeControl "180+0"]

1. e4 Nc6 2. d4 e5 3. d5 Nce7 4. Bd3 Ng6 5. Ne2 Bc5 6. O-O d6 7. Be3 Bxe3 8.
fxe3 Nf6 9. Ng3 O-O 10. c4 Ng4 11. Qe1 Qg5 12. Rf3 Nh4 13. Nd2 Nxf3+ 14.
Nxf3 Qh6 15. Nf1 f5 16. exf5 Bxf5 17. e4 Bg6 18. Rd1 Rf4 19. Qe2 Raf8 20.
Re1 Bh5 21. Ng3 Nxh2 22. Nxh5 Nxf3+ 23. gxf3 Qxh5 24. Qg2 Qxf3 25. Be2 Qxg2+
26. Kxg2 Rxe4 27. b3 Rff4 28. Kg3 g5 29. Kg2 h5 30. Kg3 h4+ 31. Kg2 g4 32.
Kg1 Kg7 33. Kg2 Kf6 34. Kg1 Kg5 35. Kg2 h3+ 36. Kg1 g3 37. c5 Rf2 38. cxd6
Rexe2 39. Rxe2 Rxe2 40. Kf1 Rf2+ 41. Ke1 h2 42. d7 h1=Q# {White checkmated}
0-1

[Event "ICCopen2017"]
[Site "Internet Chess Club"]
[Date "2017.03.25"]
[Round "2"]
[White "TrendFriend"]
[Black "Jesus"]
[Result "0-1"]
[ICCResult "White forfeits on time"]
[WhiteElo "2381"]
[BlackElo "1867"]
[Opening "Pirc defense"]
[ECO "B07"]
[NIC "PU.08"]
[Time "14:17:03"]
[TimeControl "180+0"]

1. e4 d6 2. d4 Nf6 3. Bd3 g6 4. c3 Bg7 5. Nf3 Nc6 6. h3 O-O 7. O-O e5 8.
dxe5 dxe5 9. Qe2 Qe7 10. Bg5 h6 11. Bh4 Be6 12. Nbd2 g5 13. Bg3 Nh5 14. Bh2
Nf4 15. Bxf4 exf4 16. e5 Rad8 17. Bc2 a6 18. Rfe1 Nb8 19. Bb3 c6 20. Bxe6
fxe6 21. Ne4 Rd5 22. c4 Rdd8 23. c5 Rd5 24. b4 Nd7 {White forfeits on time}
0-1

[Event "ICCopen2017"]
[Site "Internet Chess Club"]
[Date "2017.03.25"]
[Round "2"]
[White "vicmel"]
[Black "ural"]
[Result "1-0"]
[ICCResult "Black checkmated"]
[WhiteElo "1850"]
[BlackElo "2392"]
[Opening "Scandinavian (center counter) defense"]
[ECO "B01"]
[NIC "SD.01"]
[Time "14:17:17"]
[TimeControl "180+0"]

1. e4 d5 2. exd5 Qxd5 3. Nc3 Qa5 4. d4 Nf6 5. Nf3 Nc6 6. h3 Ne4 7. Bd2 Nxd2
8. Qxd2 e6 9. Ne4 Qxd2+ 10. Kxd2 Bd7 11. c3 O-O-O 12. Rd1 e5 13. Kc1 exd4
14. Nxd4 Nxd4 15. cxd4 Bf5 16. f3 Bb4 17. Bc4 f6 18. g4 Bg6 19. a3 Ba5 20.
h4 Rhe8 21. Nc5 Re3 22. Rhf1 Bb6 23. b4 Rxa3 24. Kb2 Re3 25. h5 Be8 26. f4
Bxc5 27. bxc5 Bd7 28. f5 Rde8 29. Rf4 h6 30. d5 a6 31. c6 bxc6 32. Bxa6+ Kb8
33. Rb4+ Ka7 34. Ra1 Re1 35. Ra3 R8e3 36. Bd3# {Black checkmated} 1-0

[Event "ICCopen2017"]
[Site "Internet Chess Club"]
[Date "2017.03.25"]
[Round "2"]
[White "TerryR"]
[Black "Lavrik87"]
[Result "1-0"]
[ICCResult "Black resigns"]
[WhiteElo "1835"]
[BlackElo "2018"]
[Opening "King's Indian: Torre attack"]
[ECO "A48"]
[NIC "QP.01"]
[Time "14:16:59"]
[TimeControl "180+0"]

1. d4 Nf6 2. Nf3 g6 3. Bg5 Bg7 4. Nbd2 O-O 5. c3 d6 6. e4 Nbd7 7. Bd3 e5 8.
dxe5 dxe5 9. Qe2 h6 10. Bh4 Qe7 11. O-O a5 12. Rfe1 b6 13. Nc4 Re8 14. Rad1
Bb7 15. Nfd2 Nc5 16. Bc2 Rad8 17. f3 Ne6 18. Ne3 Nf4 19. Qf1 Qc5 20. Bf2 Qe7
21. a3 Bc6 22. b4 axb4 23. axb4 Ra8 24. Ra1 Red8 25. Rxa8 Rxa8 26. g3 Ne6
27. Ra1 Rd8 28. Ndc4 Ne8 29. Rd1 Nd6 30. h4 Bb5 31. Bd3 Nxc4 32. Bxc4 Bxc4
33. Nxc4 Rxd1 34. Qxd1 h5 35. Qd5 Nf8 36. Kg2 Qe6 37. Ne3 c6 38. Qxe6 Nxe6
39. Nc4 c5 40. Nxb6 cxb4 41. cxb4 Bf8 42. Nd5 f5 43. b5 Kf7 44. Kf1 fxe4 45.
fxe4 Bc5 46. Ke2 Bxf2 47. Kxf2 Nc5 48. Ke3 Ke6 49. Nb4 Kd6 50. Nd3 Nd7 51.
Kd2 Nf6 52. Ke3 Nd7 53. Kf3 Nf6 54. Nb4 Kc5 55. Nd5 Nxd5 56. exd5 Kxd5 57.
Ke3 Kc5 58. Ke4 Kxb5 59. Kxe5 Kc5 60. Kf6 Kd5 61. Kxg6 Ke5 62. Kxh5 Kf5 63.
g4+ Kf6 64. Kh6 Kf7 65. Kh7 {Black resigns} 1-0

[Event "ICCopen2017"]
[Site "Internet Chess Club"]
[Date "2017.03.25"]
[Round "2"]
[White "wolfshead"]
[Black "onti"]
[Result "1-0"]
[ICCResult "Black forfeits on time"]
[WhiteElo "1679"]
[BlackElo "1326"]
[Opening "Robatsch defense: three pawns attack"]
[ECO "B06"]
[NIC "KF.05"]
[Time "14:17:12"]
[TimeControl "180+0"]

1. e4 g6 2. d4 Bg7 3. f4 c6 4. Nf3 d6 5. Bd3 Bg4 6. c3 Nd7 7. O-O e5 8. Na3
exd4 9. cxd4 Ndf6 10. Bd2 d5 11. e5 Ne4 12. h3 Bxf3 13. Rxf3 Qh4 14. Be1 Qh5
15. g4 Qh6 16. Qe2 Bf8 17. Bxe4 dxe4 18. Qxe4 Ne7 19. Nc4 Nd5 20. f5 g5 21.
Bg3 O-O-O 22. Bh2 Bb4 23. a3 Be7 24. e6 Nf4 25. Bxf4 gxf4 26. exf7 Bh4 27.
Ne5 Bg3 28. Rc1 Qxh3 29. Rxc6+ Kb8 30. Rxg3 Qxg3+ 31. Kf1 Qh3+ 32. Ke2 Qh2+
33. Kd3 bxc6 34. Nxc6+ Kc7 35. Nxd8 Qg3+ 36. Kc4 Qe3 37. Qxe3 fxe3 38. Ne6+
{Black forfeits on time}
1-0

[Event "ICCopen2017"]
[Site "Internet Chess Club"]
[Date "2017.03.25"]
[Round "2"]
[White "Rammstein"]
[Black "arnav311004"]
[Result "0-1"]
[ICCResult "White checkmated"]
[WhiteElo "2101"]
[BlackElo "1652"]
[Opening "English, 1...Nf6 (Anglo-Indian defense)"]
[ECO "A15"]
[NIC "EO.64"]
[Time "14:17:46"]
[TimeControl "180+0"]

1. c4 Nf6 2. g3 g6 3. Bg2 Bg7 4. e4 O-O 5. Nc3 d6 6. Nge2 c5 7. d3 Nc6 8. a3
a6 9. Rb1 Rb8 10. b4 Qc7 11. Be3 cxb4 12. axb4 b5 13. cxb5 axb5 14. O-O Bd7
15. h3 Qc8 16. Kh2 Qb7 17. Qd2 Rfc8 18. f4 Ne8 19. Nd5 e6 20. Nb6 Rd8 21.
Nxd7 Qxd7 22. Rfc1 Ne7 23. Nd4 d5 24. e5 Rdc8 25. Nb3 Qd8 26. Rc5 Nf5 27.
Bf2 Bf8 28. Rxc8 Rxc8 29. Nc5 d4 30. Ra1 Nc7 31. Ne4 Nd5 32. Rb1 Be7 33. Qb2
Nde3 34. Nc5 Bxc5 35. bxc5 Rxc5 36. Be4 Rc2 37. Qxb5 Rxf2+ 38. Kg1 Rc2 39.
Ra1 Kg7 40. Ra7 Qc8 41. Ra1 Rc1+ 42. Rxc1 Qxc1+ 43. Kh2 Qd2+ 44. Kg1 Qe1+
45. Kh2 Qf2+ 46. Kh1 Nxg3# {White checkmated} 0-1

[Event "ICCopen2017"]
[Site "Internet Chess Club"]
[Date "2017.03.25"]
[Round "2"]
[White "M-Ezat"]
[Black "BurninggIce"]
[Result "0-1"]
[ICCResult "White checkmated"]
[WhiteElo "2238"]
[BlackElo "1847"]
[Opening "Nimzo-Indian: Sämisch, main line"]
[ECO "E29"]
[NIC "NI.11"]
[Time "14:17:14"]
[TimeControl "180+0"]

1. d4 Nf6 2. c4 e6 3. Nc3 Bb4 4. e3 O-O 5. a3 Bxc3+ 6. bxc3 c5 7. Bd3 Nc6 8.
Ne2 b6 9. O-O Ba6 10. e4 Ne8 11. Ng3 Na5 12. Qe2 Rc8 13. d5 Nd6 14. e5 Ndxc4
15. d6 b5 16. Qe4 g6 17. Nh5 Bb7 18. Qf4 gxh5 19. Qh6 f5 20. exf6 Rf7 21.
Bg6 Qf8 22. Bxf7+ Qxf7 23. Bg5 Nxd6 24. Rad1 Nf5 25. Rxd7 Nxh6 26. Rxf7 Nxf7
27. Bh4 Rd8 28. f4 Nc4 29. Re1 Bd5 30. f5 exf5 31. Re7 Kf8 32. Bf2 Rc8 33.
Rxa7 Nce5 34. Ra6 Nd3 35. Be3 Re8 36. Bd2 Ng5 37. Rb6 Re2 38. Bxg5 Re1#
{White checkmated}
0-1

[Event "ICCopen2017"]
[Site "Internet Chess Club"]
[Date "2017.03.25"]
[Round "2"]
[White "bspurt"]
[Black "Rari"]
[Result "1-0"]
[ICCResult "Black resigns"]
[WhiteElo "2082"]
[BlackElo "1696"]
[Opening "Philidor: Improved Hanham variation"]
[ECO "C41"]
[NIC "KP.08"]
[Time "14:17:50"]
[TimeControl "180+0"]

1. e4 e5 2. Nf3 d6 3. d4 Nf6 4. Nc3 Nbd7 5. Be3 c6 6. Qd2 Be7 7. O-O-O Qc7
8. h3 O-O 9. g4 b5 10. Bd3 b4 11. Ne2 a5 12. Kb1 c5 13. dxe5 Nxe5 14. Nxe5
dxe5 15. g5 Nh5 16. Bc4 Rd8 17. Bd5 Bb7 18. Ng3 Nxg3 19. fxg3 Rd7 20. Rhf1
Bxd5 21. exd5 Bd6 22. Qf2 c4 23. Bb6 Qb7 24. h4 a4 25. h5 b3 26. g6 hxg6 27.
hxg6 bxa2+ 28. Kxa2 a3 29. b3 cxb3+ 30. cxb3 Rb8 31. gxf7+ Rxf7 32. Qxf7+
Qxf7 33. Rxf7 Kxf7 34. Be3 Kg6 35. Rc1 e4 36. Rc6 Rd8 37. Bf4 e3 38. Rxd6+
Rxd6 39. Bxd6 e2 40. Bb4 Kg5 41. d6 Kg4 42. d7 Kxg3 43. Be1+ {Black resigns}
1-0

[Event "ICCopen2017"]
[Site "Internet Chess Club"]
[Date "2017.03.25"]
[Round "2"]
[White "StaggerLee"]
[Black "Theunrock"]
[Result "0-1"]
[ICCResult "White forfeits on time"]
[WhiteElo "1358"]
[BlackElo "1685"]
[Opening "Scotch: Göring gambit"]
[ECO "C44"]
[NIC "SO.06"]
[Time "14:17:15"]
[TimeControl "180+0"]

1. e4 e5 2. Nf3 Nc6 3. d4 exd4 4. c3 dxc3 5. Nxc3 Bc5 6. Bc4 Nf6 7. e5 d5 8.
exf6 dxc4 9. Qxd8+ Nxd8 10. fxg7 Rg8 11. Bh6 Ne6 12. O-O-O Nxg7 13. Rhe1+
Ne6 14. Ne4 Be7 15. g3 Bd7 16. Nd4 O-O-O 17. Nxe6 Bxe6 18. Rxd8+ Rxd8 19.
Rd1 Bf5 20. Rxd8+ Bxd8 21. Nc3 Bd3 22. Kd2 a6 23. f4 b5 24. Nd5 a5 25. b3 c6
26. bxc4 Bxc4 27. Nc3 Bf6 28. Ne4 Bb2 29. Nd6+ Kd7 30. Nxc4 bxc4 31. Kc2 Bd4
32. a4 Ke6 33. g4 f5 34. h3 Kf7 35. Bg5 Kg6 36. Bd8 Be3 37. Bxa5 Bxf4 38.
Bb4 Be5 39. Bc3 Bb8 40. Kd2 Ba7 41. Kc2 fxg4 42. hxg4 Kg5 43. Bg7 Kxg4 44.
Kc3 h5 45. Kxc4 h4 46. Be5 Kf3 47. a5 Kg2 {White forfeits on time} 0-1